 Dungeon Crawl Stone Soup version 0.28.0-1-gb440e238dd (webtiles) character file.

Game seed: 9753225018990908343

21 spaghetti the Skirmisher (level 2, -3/28 HPs)
             Began as a Naga Fighter on Feb 20, 2022.
             Slain by a scorpion (4 damage)
             ... on level 2 of the Dungeon.
             The game lasted 00:01:02 (1111 turns).

spaghetti the Skirmisher (Naga Fighter)             Turns: 1111, Time: 00:01:03

Health: -3/28      AC:  4    Str: 18    XL:     2   Next: 83%
Magic:  2/2        EV:  7    Int:  8    God:
Gold:   46         SH:  5    Dex: 16    Spells: 1/1 levels left

rFire   . . .      SeeInvis +     - Unarmed
rCold   . . .      Faith    .   b - +0 buckler
rNeg    . . .      Spirit   .   a - +0 scale mail
rPois   +          Reflect  .   (no helmet)
rElec   .          Harm     .   (no cloak)
rCorr   .          Rampage  .   (no gloves)
Will    .....                   (no barding)
Stlth   ..........              (no amulet)
HPRegen 0.09/turn               e - +6 ring of dexterity
MPRegen 0.08/turn               (no ring)

@: mighty, lethally poisoned (-3 -> -6), very slow
A: AC +0, large, see invisible, deformed body, poison resistance, slowness 2,
spit poison 1, naga tail 1
a: Spit Poison


You were on level 2 of the Dungeon.
You visited 1 branch of the dungeon, and saw 2 of its levels.

You collected 46 gold pieces.

Inventory:

Armour
 a - a +0 scale mail (worn)
 b - a +0 buckler (worn)
Jewellery
 e - a +6 ring of dexterity (left hand)
 f - a ring of flight
Scrolls
 d - a scroll of teleportation {unknown}


   Skills:
 - Level 3.0 Fighting
 - Level 2.4 Armour
 + Level 1.2 Dodging
 - Level 2.4 Shields
 + Level 2.7 Unarmed Combat


You had one spell level left.
You didn't know any spells.
Your spell library was empty.

Dungeon Overview and Level Annotations

Branches:
Dungeon (2/15)

Altars:


Innate Abilities, Weirdness & Mutations

Your serpentine skin is tough. (AC +0)
You have supernaturally acute eyesight. (SInv)
Armour fits poorly on your strangely shaped body.
Your system is resistant to poisons. (rPois)
You cover ground very slowly.
You can spit poison.
You have a snake-like lower body.


Message History

The scorpion is lightly wounded.
The bat hits you but does no damage. You block the scorpion's attack.
The scorpion stings you but does no damage.
The bat hits you but does no damage.
You barely miss the scorpion.
The scorpion is lightly wounded.
The bat hits you but does no damage. The scorpion stings you.
You are lethally poisoned!
The scorpion poisons you!
You hit the scorpion.
The scorpion is heavily wounded.
You feel very sick. You block the bat's attack.
The scorpion stings you but does no damage.
You closely miss the scorpion.
The scorpion is heavily wounded.
* * * LOW HITPOINT WARNING * * *
You feel very sick. The bat hits you but does no damage.
You block the scorpion's attack.
You hit the scorpion but do no damage.
The scorpion is heavily wounded.
* * * LOW HITPOINT WARNING * * *
You feel sick. The bat hits you but does no damage.
The scorpion stings you but does no damage.
The scorpion closely misses you.
You barely miss the scorpion.
The scorpion is heavily wounded.
* * * LOW HITPOINT WARNING * * *
You feel sick. The bat hits you but does no damage.
The scorpion barely misses you.
You aren't carrying any potions.
Okay, then.
You are mighty.
You are lethally poisoned (2 -> -2).
Your movement speed is very slow.
Your attack delay is about 0.9.
Your base attributes are Str 18, Int 8, Dex 10.
You barely miss the scorpion.
The scorpion is heavily wounded.
* * * LOW HITPOINT WARNING * * *
You feel sick. The bat hits you but does no damage. The scorpion stings you.
You die...

+........# #..#
#........# ##.##
.......
.........# #..#
.......
#........#
##.##.......
##########
#..#.......
##.#.......
#######.#.......
........#sb.....
........@.......
.......#.###+##.
.......#..#
..........#
.......##.#
....... ..
....... #.#
....... .#


You could see a scorpion and a bat.

Vanquished Creatures
  A bat (D:1)
  4 endoplasms (D:1)
  2 goblins (D:1)
  A hobgoblin (D:1)
  4 jackals (D:1)
  A quokka (D:1)
  2 kobolds (D:1)
  2 rats (D:1)
17 creatures vanquished.

Notes
Turn   | Place    | Note
-------+----------+-------------------------------------------
     0 | D:1      | spaghetti the Naga Fighter began the quest for the Orb.
     0 | D:1      | Reached XP level 1. HP: 21/21 MP: 1/1
   230 | D:1      | Reached XP level 2. HP: 11/28 MP: 2/2
   563 | D:1      | Reached skill level 1 in Dodging
  1098 | D:2      | Noticed a scorpion
  1111 | D:2      | HP: 1/28 [poisoned by a scorpion]
  1111 | D:2      | Slain by a scorpion

Illustrated notes

Levels and vault maps discovered:
D:1:      ebering_trefoil_3fold, layout_basic, minmay_tetromino_i2
D:2:      layout_basic, shapermc_ecumenical_altar_rom_forum

Skill      XL: |  1  2 |
---------------+-------+-----
Dodging        | 1 |  1.2
Fighting       | |  3.0
Armour         | |  2.4
Shields        | |  2.4
Unarmed Combat | |  2.7

Action                   || total
-------------------------++-------
Melee: Unarmed           ||    65
 Abil: Spit Poison       ||     2
  Use: Potion            ||     2
Armor: Scale mail        ||    40
Dodge: Dodged            ||    37
Block: Buckler           ||    15
